 Dungeon Crawl Stone Soup version 0.30-a0-250-g41c1d76940 (webtiles) character file.

Game seed: 5661759161356258837

531 chippings the Firebug (level 7, -4/52 HPs)
             Began as a Human Cinder Acolyte on Oct 12, 2022.
             Was a High Priest of Ignis.
             Slain by an orc priest
             ... wielding a +0 flail
              (8 damage)
             ... on level 5 of the Dungeon.
             The game lasted 00:08:39 (3648 turns).

chippings the Firebug (Human Cinder Acolyte)        Turns: 3648, Time: 00:08:40

Health: -4/52      AC:  3    Str: 14    XL:     7   Next: 48%
Magic:  1/22       EV: 11    Int: 16    God:    Ignis [*****.]
Gold:   242        SH:  0    Dex:  9    Spells: 12/14 levels left

rFire   + . .      SeeInvis .    u - +2 quarterstaff (vorpal)
rCold   . . .      Faith    .    (shield currently unavailable)
rNeg    . . .      Spirit   .    p - +0 leather armour {Will+}
rPois   .          Reflect  .    (no helmet)
rElec   .          Harm     .    (no cloak)
rCorr   .          Rampage  .    (no gloves)
Will    +....                    (no boots)
Stlth   +.........               (no amulet)
HPRegen 0.28/turn                h - ring of magical power
MPRegen 0.18/turn                (no ring)

@: no status effects
A: no striking features
a: Renounce Religion, Fiery Armour, Foxfire Swarm, Rising Flame


You were on level 5 of the Dungeon.
You worshipped Ignis.
Ignis was extremely pleased with you.
You visited 2 branches of the dungeon, and saw 6 of its levels.

You collected 242 gold pieces.

Inventory:

Hand Weapons
 u - a +2 vorpal quarterstaff (weapon)
Missiles
 c - a throwing net (quivered)
Armour
 p - a +0 leather armour of willpower (worn)
Magical Staves
 s - a staff of air
Jewellery
 h - a ring of magical power (left hand)
 w - an amulet of guardian spirit
Wands
 a - a wand of iceblast (7)
 n - a wand of paralysis (10)
Scrolls
 f - 2 scrolls of magic mapping
 g - a scroll of summoning
 i - 4 scrolls of identify
 j - 3 scrolls of teleportation
 l - 2 scrolls of noise
 o - a scroll of poison {unknown}
 q - 2 scrolls of amnesia {unknown}
 r - a scroll of blinking {unknown}
Potions
 b - 4 potions of flight {unknown}
 d - a potion of attraction {unknown}
 e - 2 potions of curing {unknown}
 k - a potion of heal wounds {unknown}
 m - a potion of haste {unknown}
 t - a potion of cancellation {unknown}
 v - a potion of invisibility {unknown}


   Skills:
 - Level 3.0 Fighting
 - Level 4.2(4.4) Polearms
 + Level 1.8(3.2) Staves
 - Level 4.0 Spellcasting
 + Level 5.5 Fire Magic


You had 12 spell levels left.
You knew the following spells:

 Your Spells              Type           Power      Damage    Failure   Level
a - Scorch                Fire           42%        2d7       3%          2

Your spell library contained the following spells:

 Spells                   Type           Power      Damage    Failure   Level
 Sublimation of Blood     Necr           3%         N/A       32%         2
 Petrify                  Tmut/Erth      3%         N/A       91%         4
 Irradiate                Conj/Tmut      1%         3d12      99%         5


Dungeon Overview and Level Annotations

Branches:
Dungeon (5/15)             Temple (1/1) D:4

Altars:
Ashenzari
Cheibriados
Dithmenos
Fedhas
Gozag
Hepliaklqana
Makhleb
Qazlal
Trog
Wu Jian
Yredelemnul
Zin
The Shining One


Message History

The orc priest is severely wounded.
The orc priest hits you with a +0 flail!
Unknown command.
Casting: Scorch (safe; 3% risk of failure)
Confirm with . or Enter, or press ? or * to list all spells.
Flames lash the orc wizard.
The orc wizard is almost dead.
The orc wizard's fire resistance burns away.
The orc priest is no longer more vulnerable to fire.
The orc priest barely misses you.
Casting: Scorch (safe; 3% risk of failure)
Confirm with . or Enter, or press ? or * to list all spells.
Flames lash the orc wizard.
The orc wizard is burned terribly!
You kill the orc wizard!
The orc priest hits you with a +0 flail.
Unknown command.
You completely miss the orc priest.
The orc priest is heavily wounded.
The orc priest calls down the wrath of Beogh upon you.
Beogh smites you!
The orc priest calls upon Beogh to heal the orc priest.
The orc priest is healed somewhat.
You thump the orc priest!
You kill the orc priest!
The orc priest mumbles some strange prayers to Beogh against you.
Beogh smites you!
* * * LOW HITPOINT WARNING * * *
The orc priest barely misses you.
Items here: )) [ †.
You hit the orc priest.
The orc priest is almost dead.
The orc priest misses you.
The orc priest invokes the aid of Beogh against you.
Beogh smites you!
* * * LOW HITPOINT WARNING * * *
You barely miss the orc priest.
The orc priest is almost dead.
The orc priest is no longer more vulnerable to fire.
The orc priest hits you with a +0 flail!
You die...

..o.....# ...o....#
........# #.
........# #.#
.[......# #.# #.#
#.# #)# #.# #)#####
#.#
#o@...######.######
#####..............
#........#.####
#.######<#.# #.#
#####.# #.# #.....#
#.# #.#####
#.####.# #......#


You could see an orc priest.

Vanquished Creatures
  A bullfrog (D:4)
  A necrophage (D:4)
  A hound (D:5)
  2 orc priests (D:5)
  An iguana (D:4)
  3 orc wizards
  4 gnolls (D:3)
  9 adders
  An ufetubus (D:4)
  2 worms
  2 dart slugs
  12 orcs
  7 ball pythons
  4 bats
  6 endoplasms
  3 giant cockroaches
  2 hobgoblins
  5 jackals
  A quokka (D:3)
  5 frilled lizards
  6 goblins
  4 kobolds
  2 rats
84 creatures vanquished.

Vanquished Creatures (others)
  2 plants (D:3)
2 creatures vanquished.

Grand Total: 86 creatures vanquished

Notes
Turn   | Place    | Note
-------+----------+-------------------------------------------
     0 | D:1      | chippings the Human Cinder Acolyte began the quest for the
                  | Orb.
     0 | D:1      | Reached XP level 1. HP: 18/18 MP: 2/2
   128 | D:1      | Reached XP level 2. HP: 18/24 MP: 4/4
   132 | D:1      | Learned a level 2 spell: Scorch
   472 | D:2      | Reached XP level 3. HP: 29/29 MP: 5/5
   713 | D:2      | Reached XP level 4. HP: 35/35 MP: 7/7
   972 | D:2      | Reached skill level 4 in Fire Magic
  1788 | D:3      | Reached XP level 5. HP: 41/41 MP: 9/9
  1797 | D:3      | Found a faded altar of an unknown god.
  2360 | D:4      | Noticed a bullfrog
  2365 | D:4      | Killed a bullfrog
  2366 | D:4      | Reached XP level 6. HP: 42/47 MP: 11/11
  2615 | D:4      | Found a staircase to the Ecumenical Temple.
  2626 | Temple   | Entered the Ecumenical Temple
  2756 | D:4      | Reached skill level 5 in Fire Magic
  2917 | D:4      | Found a hazy altar of Hepliaklqana.
  2970 | D:4      | Reached XP level 7. HP: 52/52 MP: 12/12
  3214 | D:4      | Found a bloodstained altar of Trog.
  3214 | D:4      | Found a burning altar of Makhleb.
  3592 | D:5      | Entered Level 5 of the Dungeon
  3633 | D:5      | Reached skill level 1 in Staves
  3648 | D:5      | Slain by an orc priest

Illustrated notes

Levels and vault maps discovered:
D:1:      psy_arrival_basics, layout_rooms
D:2:      layout_loops_ring, minmay_misc_feat_ornament
D:3:      layout_rooms, shapermc_ecumenical_altar_hornbeckon,
          minmay_fractal_squares_gapless_5
D:4:      layout_basic, mainiacjoe_overflow_cross_hatched,
          nicolae_overflow_two_pavilions, temple_pool_b
D:5:      layout_basic, minmay_diced_spiral, uniq_pikel
Temple:   nicolae_temple_bog_church

Skill      XL: |  1  2  3  4  5  6  7 |
---------------+----------------------+-----
Spellcasting   | 2 3 4 |  4.0
Fire Magic     | 4 5 |  5.5
Polearms       | 4 |  4.2
Staves         | 1 |  1.8
Fighting       | |  3.0

Action                   |  1- 3 |  4- 6 |  7- 9 || total
-------------------------+-------+-------+-------++-------
Melee: Spear             |    36 |    98 |       ||   134
       Quarterstaff      |       |       |    20 ||    20
 Cast: Scorch            |    14 |    50 |    19 ||    83
  Use: Scroll            |       |     4 |       ||     4
 Stab: Sleeping          |     1 |       |       ||     1
Armor: Robe              |     6 |       |       ||     6
       Leather armour    |     4 |    24 |     4 ||    32
Dodge: Dodged            |    19 |    58 |    14 ||    91

Table legend: (Time is in decaauts)
 A = Elapsed time spent in this place.
 B = Non-inter-level travel time spent in this place.
 C = Inter-level travel time spent in this place.
 D = Time resting spent in this place.
 E = Time spent auto-exploring this place.
 F = Levels seen in this place.
 G = Mean time per level.
                   A        B        C        D        E       F      G
               +--------+--------+--------+--------+--------+-----+--------+
         Total |   3657 |   3567 |     90 |     44 |   2375 |   6 |  609.5 |
       Dungeon |   3564 |   3474 |     90 |     44 |   2375 |   5 |  712.8 |
        Temple |     93 |     93 |      0 |      0 |      0 |   1 |   93.0 |
               +--------+--------+--------+--------+--------+-----+--------+

Top non-repeatable levels by time:
     D:4: 1174 daAuts
     D:3: 1009 daAuts
     D:2: 848 daAuts
     D:1: 475 daAuts
  Temple: 93 daAuts
     D:5: 56 daAuts
